Map: Emerald City LE

Players

TRON - Winner!

  • Race: Zerg Zerg
  • League: Diamond
  • Spawn Location: 11:00

Stroid - Winner!

  • Race: Zerg Zerg
  • League: Diamond
  • Spawn Location: 11:00

llllllllllll

  • Race: Protoss Protoss
  • League: Master
  • Spawn Location: 5:00

kRaYzEi

  • Race: Terran Terran
  • League: Diamond
  • Spawn Location: 5:00

VOD

Have the link to the VOD?

Description

Time

  • Played on: Nov. 25, 2019, 9:25 a.m.
  • Length: 18:23
Show
View Real Time Build Order
Export as new Build Order

TRON Zerg - Winner!

Build Orders: Hatch First 

Get SALT Encoding   

  12  0:05  Drone  
  13  0:14  Overlord  
  13  0:18  Drone  
  14  0:31  Overlord  
  14  0:36  Extractor, Drone  
  14  0:37  Extractor  
  14  0:41  Drone  
  16  0:49  Drone  
  17  1:00  Drone  
  18  1:13  Hatchery  
  18  1:15  Drone  
  18  1:24  Spawning Pool  
  17  1:32  Extractor, Drone x2  
  18  1:47  Drone  
  19  1:59  Drone  
  20  2:13  Queen  
  22  2:16  Drone x2  
  24  2:26  Queen  
  24  2:28  Drone  
  24  2:29  Drone  
  28  2:35  Hatchery  
  27  2:59  Overlord  
  27  3:00  Drone x5  
  27  3:01  Metabolic Boost  
  32  3:24  Queen  
  32  3:26  Drone x6  
  40  3:28  Extractor  
  40  3:29  Extractor  
  38  3:34  Evolution Chamber  
  38  3:39  Roach Warren  
  36  3:50  Drone x6  
  42  4:01  Zergling x2  
  42  4:02  Zergling x8  
  47  4:15  Drone x3  
  50  4:19  Spine Crawler  
  49  4:25  Lair  
  49  4:26  Spore Crawler  
  49  4:28  Spore Crawler  
  49  4:30  Drone x2  
  49  4:31  Drone  
  50  4:47  Overlord x2  
  47  5:11  Drone x9  
  56  5:23  Drone x6  
  61  5:33  Extractor  
  61  5:35  Extractor  
  59  5:37  Extractor  
  58  5:51  Zerg Melee Weapons Level 1  
  58  5:56  Spire  
  57  5:58  Drone x3  
  59  6:14  Zergling x2  
  59  6:15  Hatchery  
  59  6:16  Zergling x2  
  60  6:21  Drone x3  
  63  6:26  Spore Crawler  
  63  6:28  Drone  
  63  6:29  Drone x2  
  63  6:30  Spore Crawler  
  64  6:33  Drone  
  64  6:34  Overlord  
  64  6:35  Overlord x7  
  65  6:45  Extractor  
  64  6:47  Extractor  
  64  6:53  Queen  
  64  7:01  Drone x14  
  78  7:08  Zerg Flyer Weapons Level 1  
  78  7:19  Corruptor x6  
  78  7:20  Corruptor  
  90  7:30  Queen  
  90  7:35  Corruptor  
  90  7:36  Corruptor  
  92  7:52  Spore Crawler  
  92  7:53  Corruptor  
  92  7:54  Corruptor x2, Spore Crawler  
  96  8:00  Queen  
  98  8:11  Queen  
  95  8:34  Drone x2  
  96  8:35  Spine Crawler  
  96  8:36  Drone x3  
  96  8:37  Drone x3  
  96  8:40  Drone x3  
  96  8:41  Drone x2  
  107  8:44  Spine Crawler  
  107  8:45  Corruptor x6, Spore Crawler  
  107  8:47  Spore Crawler  
  116  8:50  Infestation Pit  
  115  8:58  Drone x9  
  122  9:24  Overseer  
  122  9:28  Hive, Pneumatized Carapace  
  122  9:43  Corruptor x3  
  122  9:45  Overlord x6  
  128  9:49  Zerg Ground Armor Level 1  
  128  9:54  Evolution Chamber  
  126  10:18  Corruptor x14  
  126  10:20  Overlord x2  
  154  10:28  Drone x2  
  104  11:12  Corruptor x8  
  104  11:13  Corruptor x6  
  132  11:20  Hatchery  
  125  11:31  Roach  
  125  11:32  Roach x8  
  140  11:50  Roach  
  140  11:51  Roach x6  
  123  12:33  Roach x9  
  125  12:44  Lair  
  120  12:51  Extractor  
  120  12:53  Spore Crawler  
  120  12:55  Extractor  
  120  12:56  Extractor  
  120  12:58  Spine Crawler  
  115  13:11  Zerg Missile Weapons Level 1  
  115  13:31  Hatchery  
  115  13:32  Extractor  
  113  13:34  Extractor  
  100  13:57  Roach  
  100  13:58  Roach x14  
  103  14:37  Roach x4  
  103  14:38  Roach x3  
  101  14:43  Glial Reconstitution  
  54  15:16  Hatchery  
  54  15:17  Queen x2  
  54  15:18  Hatchery  
  54  15:19  Zerg Ground Armor Level 2, Zerg Missile Weapons Level 2  
  56  15:25  Ravager x2  
  56  15:26  Ravager x5  
  63  15:44  Roach x12  
  87  15:53  Queen  
  77  16:10  Drone x4  
  77  16:11  Drone x4  
  85  16:12  Queen  
  87  16:28  Roach x7  
  101  16:37  Extractor, Hydralisk Den  
  97  16:58  Drone x10  
  107  17:12  Muscular Augments  
  107  17:16  Roach x7  
  107  17:17  Roach x7  
  135  17:42  Roach  
  135  17:43  Roach x16  
Show
View Real Time Build Order
Export as new Build Order

Stroid Zerg - Winner!

Build Orders: 3 Hatch before Pool, Lurkers 

Get SALT Encoding   

  12  0:01  Drone  
  13  0:13  Overlord  
  13  0:28  Drone  
  14  0:38  Drone x2  
  14  0:41  Drone  
  17  0:50  Drone  
  18  1:02  Drone  
  19  1:05  Hatchery  
  18  1:12  Drone  
  19  1:25  Drone  
  20  1:37  Hatchery, Drone  
  20  1:45  Drone  
  21  1:56  Spawning Pool  
  21  1:57  Drone  
  21  2:07  Drone  
  22  2:09  Extractor  
  21  2:18  Drone x2  
  23  2:28  Overlord  
  23  2:37  Drone x2  
  23  2:41  Drone  
  26  2:48  Drone  
  26  2:49  Queen x2  
  26  2:50  Queen  
  33  2:51  Drone x2  
  35  3:02  Roach Warren  
  35  3:03  Drone x2  
  35  3:04  Drone  
  37  3:09  Drone  
  38  3:13  Overlord  
  38  3:17  Drone  
  39  3:20  Drone  
  39  3:22  Drone x2  
  42  3:27  Extractor, Lair  
  42  3:28  Extractor  
  42  3:34  Drone x3  
  42  3:39  Spore Crawler  
  42  3:40  Spore Crawler  
  41  3:43  Drone  
  41  3:48  Pneumatized Carapace  
  42  3:51  Extractor  
  42  3:53  Drone, Evolution Chamber  
  42  3:54  Evolution Chamber  
  40  3:56  Roach  
  33  4:16  Roach  
  33  4:17  Roach  
  36  4:19  Drone x3  
  39  4:26  Drone  
  39  4:27  Drone  
  41  4:35  Glial Reconstitution  
  41  4:46  Drone x2  
  41  4:48  Drone x2  
  45  4:54  Zerg Missile Weapons Level 1  
  45  5:03  Zerg Ground Armor Level 1  
  45  5:12  Drone x3  
  48  5:20  Drone x2  
  50  5:32  Hydralisk Den  
  50  5:35  Spore Crawler  
  48  5:37  Spore Crawler  
  48  5:38  Spore Crawler  
  48  5:42  Spore Crawler, Drone x2  
  47  5:55  Overlord x2  
  47  5:56  Overlord  
  47  6:05  Muscular Augments  
  47  6:18  Hydralisk x4  
  55  6:36  Hydralisk x3  
  55  6:37  Hydralisk  
  63  6:51  Hydralisk x2  
  67  6:58  Zerg Missile Weapons Level 2  
  67  7:02  Drone x2  
  67  7:03  Drone  
  70  7:13  Drone x4  
  74  7:16  Grooved Spines  
  72  7:39  Hydralisk x2  
  72  7:42  Overlord  
  72  7:43  Overlord x3  
  70  7:55  Hydralisk x5  
  72  7:59  Drone  
  72  8:00  Drone  
  74  8:06  Zerg Ground Armor Level 2  
  74  8:25  Queen  
  74  8:26  Drone x6  
  74  8:27  Drone x3  
  85  8:35  Infestation Pit  
  84  8:51  Drone x13  
  84  8:54  Spore Crawler  
  96  9:09  Extractor  
  95  9:10  Extractor  
  94  9:21  Hatchery, Lurker Den, Overlord  
  94  9:22  Overlord  
  94  9:23  Overlord  
  90  9:31  Hatchery  
  89  9:47  Drone x4  
  89  9:48  Drone x10  
  89  9:51  Hive  
  103  10:02  Hydralisk  
  103  10:03  Hydralisk x7  
  119  10:31  Roach x5  
  119  10:33  Overlord  
  119  10:34  Overlord x4  
  127  10:54  Roach  
  127  10:55  Roach x12  
  123  11:07  Hydralisk x7  
  119  11:20  Roach x9  
  119  11:23  Extractor, Queen  
  119  11:25  Extractor  
  131  11:36  Lurker x2  
  131  11:37  Lurker  
  131  11:38  Lurker x2  
  131  11:39  Lurker  
  133  11:44  Roach  
  133  11:45  Roach x9  
  153  11:47  Lurker  
  134  12:30  Hydralisk x11  
  134  12:31  Hydralisk  
  158  12:46  Adaptive Talons  
  158  12:48  Zerg Ground Armor Level 3, Zerg Missile Weapons Level 3  
  158  12:50  Roach  
  158  12:51  Roach x3  
  157  13:02  Roach  
  157  13:03  Roach x3  
  151  13:12  Lurker  
  150  13:13  Lurker x3  
  150  13:17  Drone x8  
  150  13:18  Drone x2  
  163  13:27  Queen  
  163  13:28  Drone x6  
  163  13:33  Queen  
  169  13:51  Lurker  
  169  13:52  Lurker x4  
  174  13:57  Roach x4  
  174  13:59  Overlord x3  
  174  14:00  Overlord x2  
  182  14:05  Extractor, Spore Crawler  
  182  14:06  Extractor  
  182  14:07  Spore Crawler  
  182  14:08  Spore Crawler  
  182  14:09  Spore Crawler  
  162  14:30  Roach  
  162  14:31  Roach x21  
  166  14:32  Roach x4  
  190  15:35  Hydralisk  
  178  15:36  Hydralisk x10  
  181  15:54  Hydralisk x2  
  181  15:55  Hydralisk x9  
  187  16:09  Hydralisk x5  
  187  16:10  Hydralisk x11  
  198  16:16  Spine Crawler  
  198  16:17  Spine Crawler x2  
  187  16:19  Spine Crawler  
  187  16:20  Spine Crawler x2  
  187  16:21  Spine Crawler  
  187  16:22  Spine Crawler  
  171  16:35  Hydralisk  
  171  16:36  Hydralisk x7  
  162  16:56  Roach x8  
  173  17:14  Roach  
  173  17:15  Roach x3  
  181  17:25  Hatchery  
  180  17:42  Roach x11  
  180  17:43  Roach x2  
  183  17:57  Roach  
  183  17:58  Roach x7  
Show
View Real Time Build Order
Export as new Build Order

llllllllllll Protoss 

Build Orders: Double Forge 

Get SALT Encoding   

  12  0:01  Probe  
  13  0:13  Probe  
  14  0:20  Pylon  
  14  0:25  Probe  
  15  0:38  Probe (Chrono Boost)  
  15  0:40  Gateway  
  16  0:48  Probe (Chrono Boost)  
  17  0:50  Assimilator  
  17  0:53  Probe (Chrono Boost)  
  18  1:05  Probe (Chrono Boost)  
  18  1:06  Assimilator  
  19  1:16  Probe (Chrono Boost)  
  20  1:20  Gateway  
  20  1:21  Probe (Chrono Boost)  
  21  1:28  Cybernetics Core  
  21  1:54  Nexus  
  21  2:01  Pylon  
  21  2:06  Sentry  
  23  2:08  Warp Gate (Chrono Boost)  
  23  2:19  Probe  
  23  2:21  Adept  
  26  2:31  Probe  
  26  2:37  Stalker  
  29  2:41  Gateway  
  29  2:47  Probe  
  30  2:59  Shield Battery  
  30  3:02  Robotics Facility  
  30  3:06  Zealot  
  30  3:08  Probe x2  
  34  3:15  Stalker  
  36  3:20  Probe  
  36  3:22  Probe  
  38  3:31  Pylon  
  38  3:32  Probe (Chrono Boost)  
  39  3:39  Probe (Chrono Boost)  
  40  3:44  Probe (Chrono Boost)  
  40  3:47  Sentry  
  40  3:48  Sentry  
  46  3:52  Probe x2 (Chrono Boost)  
  47  3:57  Assimilator x2  
  47  4:00  Observer, Probe  
  47  4:01  Probe  
  50  4:09  Pylon  
  50  4:12  Probe  
  50  4:13  Shield Battery  
  51  4:17  Pylon  
  51  4:21  Shield Battery  
  51  4:23  Pylon  
  51  4:25  Observer (Chrono Boost)  
  52  4:35  Probe x2  
  54  4:47  Robotics Bay, Probe x2  
  56  4:53  Forge x2  
  56  4:59  Probe x2  
  58  5:04  Forge  
  58  5:11  Probe (Chrono Boost)  
  58  5:12  Probe (Chrono Boost)  
  60  5:16  Protoss Ground Weapons Level 1 (Chrono Boost)  
  60  5:20  Twilight Council  
  61  5:22  Pylon, Probe (Chrono Boost)  
  61  5:23  Probe (Chrono Boost)  
  61  5:27  Probe (Chrono Boost)  
  62  5:32  Probe  
  62  5:34  Observer  
  65  5:38  Probe  
  66  5:43  Stalker, Zealot x2  
  66  5:44  Probe  
  73  5:50  Pylon, Probe  
  73  5:52  Pylon  
  73  5:55  Disruptor, Extended Thermal Lance (Chrono Boost)  
  77  5:58  Protoss Ground Armor Level 1  
  77  6:00  Probe  
  77  6:03  Blink (Chrono Boost)  
  78  6:23  Nexus  
  78  6:26  Pylon  
  83  6:40  Warp Prism  
  83  6:42  Stalker x3  
  83  6:45  Probe x2  
  87  6:57  Probe x2  
  89  7:01  Pylon  
  89  7:04  Pylon x2  
  89  7:08  Assimilator  
  89  7:12  Gateway  
  89  7:13  Gateway  
  89  7:14  Gateway  
  89  7:28  Gravitic Drive (Chrono Boost)  
  89  7:31  Zealot x3  
  89  7:33  Colossus (Chrono Boost)  
  95  7:43  Probe x3  
  104  7:47  Protoss Ground Weapons Level 2 (Chrono Boost)  
  104  7:52  Pylon  
  104  7:53  Pylon  
  104  7:57  Probe x3  
  107  8:16  Stalker  
  107  8:17  Stalker x3  
  105  8:20  Colossus (Chrono Boost)  
  105  8:21  Probe  
  105  8:22  Probe x2  
  105  8:25  Stalker x2  
  118  8:33  Assimilator, Probe  
  118  8:34  Probe x2  
  121  8:53  Gravitic Boosters  
  121  8:59  Colossus (Chrono Boost), Nexus  
  121  9:01  Pylon  
  127  9:03  Probe x2  
  127  9:04  Probe  
  124  9:25  Gateway  
  124  9:28  Gateway  
  124  9:31  Gateway  
  124  9:42  Stalker x3  
  124  9:43  Stalker  
  132  9:47  Colossus (Chrono Boost)  
  132  9:50  Templar Archives, Dark Shrine  
  138  10:06  Stalker x2  
  138  10:07  Stalker x4  
  146  10:09  Probe x2  
  146  10:10  Probe  
  146  10:11  Probe  
  154  10:24  Stalker x2  
  154  10:25  Stalker  
  160  10:32  Warp Prism (Chrono Boost)  
  162  10:41  Pylon  
  137  10:59  Colossus (Chrono Boost)  
  137  11:03  Stalker x3  
  137  11:04  Stalker x4  
  136  11:05  Stalker x2  
  136  11:07  Gateway  
  118  11:26  Zealot x3  
  118  11:27  Zealot x4  
  118  11:28  Zealot x2  
  133  11:43  Gateway  
  133  11:46  Shield Battery  
  133  11:47  Shield Battery  
  133  11:48  Shield Battery  
  133  11:50  Pylon  
  133  11:51  High Templar x2  
  133  11:52  High Templar x3, Colossus  
  133  11:53  High Templar  
  121  12:10  Stalker x3  
  121  12:12  Archon x2  
  115  12:16  Stalker  
  117  12:24  Archon  
  117  12:26  Stalker x3  
  117  12:28  Stalker  
  117  12:29  Zealot x2  
  127  12:47  Stalker x3, Observer (Chrono Boost)  
  127  12:48  Pylon  
  134  12:54  Stalker x4  
  134  12:56  Zealot x2  
  146  13:03  Assimilator  
  146  13:04  Assimilator  
  147  13:06  Observer (Chrono Boost)  
  147  13:08  Forge  
  147  13:10  Forge  
  147  13:16  Stalker x3  
  147  13:17  Stalker x2  
  157  13:23  Zealot  
  157  13:24  Zealot  
  161  13:28  Gateway  
  161  13:31  Dark Templar  
  163  13:34  Zealot  
  157  13:51  Colossus  
  157  13:56  Stalker x3  
  163  14:15  Stalker  
  163  14:17  Stalker  
  141  14:41  Stalker x5  
  141  14:45  Colossus (Chrono Boost)  
  157  15:06  Stalker  
  157  15:09  Pylon x2  
  157  15:10  Pylon  
  107  15:39  Observer (Chrono Boost)  
  101  15:56  Stalker x2  
  101  15:57  Stalker x3  
  79  16:15  Observer  
  68  16:28  Stalker x2  
  68  16:29  Stalker x2  
  73  16:37  Stalker  
  61  16:45  High Templar  
  63  16:54  High Templar x2  
  63  16:58  High Templar  
  58  17:32  Archon x2  
Show
View Real Time Build Order
Export as new Build Order

kRaYzEi Terran 

Build Orders:  

Get SALT Encoding   

  12  0:01  SCV  
  13  0:13  SCV  
  14  0:18  Supply Depot  
  14  0:25  SCV  
  15  0:39  SCV  
  15  0:40  Barracks  
  16  0:45  Refinery  
  16  0:51  SCV  
  16  0:54  Refinery  
  17  1:03  SCV  
  18  1:10  Supply Depot  
  18  1:15  SCV  
  19  1:31  Orbital Command  
  20  1:36  Barracks Reactor  
  19  1:44  Factory  
  19  1:56  SCV  
  20  2:08  SCV  
  21  2:21  SCV  
  22  2:33  Command Center  
  24  2:43  SCV  
  24  2:44  Hellion x2  
  27  2:49  Barracks Tech Lab  
  27  2:53  Starport  
  27  3:05  Hellion x2  
  31  3:09  Supply Depot  
  31  3:41  Fusion Core  
  31  3:42  Barracks Tech Lab  
  31  3:44  Starport, SCV  
  31  3:47  Refinery, Orbital Command  
  32  3:56  SCV  
  27  4:19  SCV  
  26  4:24  SCV  
  26  4:28  Starport Tech Lab  
  27  4:31  SCV  
  27  4:36  SCV  
  27  4:38  Hellion x2  
  33  4:42  Refinery  
  33  4:43  SCV  
  34  4:48  SCV  
  35  4:55  Supply Depot  
  35  4:56  SCV  
  36  5:00  SCV  
  36  5:08  SCV  
  36  5:13  Supply Depot  
  37  5:19  Battlecruiser  
  43  5:23  Battlecruiser  
  49  5:31  SCV x2  
  51  5:37  Supply Depot  
  51  5:43  SCV x2  
  51  5:48  Weapon Refit  
  53  5:53  Hellion x2  
  53  5:55  SCV x2  
  58  6:23  Battlecruiser  
  64  6:27  Battlecruiser  
  70  6:48  Hellion x2, Command Center  
  74  7:02  Starport  
  74  7:04  Starport  
  74  7:09  Hellion x2  
  78  7:59  Starport Reactor  
  78  8:00  Starport Reactor  
  78  8:04  Starport  
  78  8:06  Starport  
  78  8:10  SCV x2  
  80  8:13  Orbital Command  
  80  8:18  Engineering Bay  
  80  8:22  SCV  
  80  8:23  SCV  
  82  8:29  Armory x2  
  82  8:33  Supply Depot x2  
  82  8:34  SCV  
  82  8:39  SCV x2  
  85  8:47  SCV  
  86  8:51  Missile Turret, SCV  
  87  8:57  Starport Reactor x2, Supply Depot  
  87  8:58  Supply Depot  
  87  9:23  Command Center  
  87  9:27  Command Center, Missile Turret  
  87  9:35  Viking x6  
  87  9:36  Viking x2  
  103  9:45  SCV x2  
  105  9:48  Missile Turret  
  105  9:57  SCV x2  
  107  10:03  Terran Ship Weapons Level 1  
  107  10:04  Terran Vehicle And Ship Armor Level 1  
  107  10:05  Viking  
  109  10:15  Viking  
  109  10:16  Viking  
  99  10:29  Viking x2  
  99  10:30  Viking  
  99  10:31  Viking  
  105  10:50  Viking x3  
  105  10:52  Viking  
  89  11:09  Viking x3  
  95  11:12  Orbital Command  
  95  11:16  Refinery  
  95  11:19  Refinery  
  95  11:39  Planetary Fortress  
  95  11:53  Command Center  
  95  12:01  Viking x2  
  95  12:02  Viking x2  
  95  12:03  Command Center x2  
  95  12:55  Viking x8  
  95  12:56  Viking x2  
  85  13:20  Orbital Command x2  
  85  13:25  Viking x7  
  99  13:28  Orbital Command  
  99  13:30  Missile Turret  
  99  13:40  Viking x2  
  99  13:41  Viking  
  105  13:51  Missile Turret  
  103  13:57  Viking  
  103  13:58  Viking x3  
  107  14:12  Missile Turret  
  107  14:33  Missile Turret  
  107  14:41  Viking x4  
  107  14:42  Viking x4  
  111  15:10  Viking x2  
  111  15:11  Viking x4  
  123  15:46  Battlecruiser x2  
  116  16:51  Battlecruiser  
  120  17:23  Refinery  
Tags
 
Add a new tag
Caveats
  • Supply blocks, unpowered buildings, or Contaminate may cause inaccurate times.
  • Supply counts are checked every 10 seconds.